 Dungeon Crawl Stone Soup version 0.27-a0-695-gb4952372f7 (webtiles) character file.

Game seed: 12048763410440816186

19 inc the Scratcher (level 2, -1/14 HPs)
             Began as a Felid Chaos Knight on Mar 21, 2021.
             Was a Plaything of Xom.
             Slain by a kobold
             ... wielding a +0 dagger
              (5 damage)
             ... on level 1 of the Dungeon.
             The game lasted 00:00:36 (763 turns).

inc the Scratcher (Felid Chaos Knight)               Turns: 763, Time: 00:00:37

Health: -1/14      AC:  1    Str:  8    XL:     2   Next: 55%
Magic:  3/3        EV: 32    Int: 13    God:    Xom [.....*]
Gold:   62         SH:  0    Dex: 15    Spells: 1/1 levels left
                                        Lives:  0   Deaths: 0

rFire    . . .     SeeInvis +     - Unarmed
rCold    . . .     Faith    .   (shield unavailable)
rNeg     . . .     Spirit   .   (armour unavailable)
rPois    .         Reflect  .   (helmet unavailable)
rElec    .         Harm     .   (cloak unavailable)
rCorr    .         Rampage  .   (gloves unavailable)
Will     .....                  (boots unavailable)
Stlth    ++........             d - amulet of the acrobat
HPRegen  0.04/turn              (no ring)
MPRegen  0.08/turn              (no ring)

@: acrobatic, quick
A: very small, claws 1, fangs 3, see invisible, speed 1, shaggy fur 1, stealthy
paws, no weapons or thrown items, no armour, multi-lived
a: Renounce Religion


You were on level 1 of the Dungeon.
You worshipped Xom.
You were Xom's teddy bear.
You visited 1 branch of the dungeon, and saw 1 of its levels.

You collected 62 gold pieces.

Inventory:

Jewellery
 d - an amulet of the acrobat (around neck)
Scrolls
 a - a scroll of magic mapping {unknown}
 b - a scroll of random uselessness {unknown}
Potions
 c - 2 potions of might {unknown}


   Skills:
 - Level 3.0 Fighting
 - Level 3.2 Dodging
 + Level 3.9 Unarmed Combat


You had one spell level left.
You didn't know any spells.
Your spell library was empty.

Dungeon Overview and Level Annotations

Branches:
Dungeon (1/15)

Altars:


Innate Abilities, Weirdness & Mutations

You have sharp claws.
You have razor-sharp teeth.
You have supernaturally acute eyesight. (SInv)
You cover ground quickly. (Speed+)
You are covered in fur. (AC +1)
Your stealthy paws help you sneak and pounce on unaware monsters.
You are incapable of wielding weapons or throwing items.
You cannot wear armour.
You gain extra lives every three experience levels.


Message History

"Go forth and redecorate, my child!"
You are now Xom's teddy bear.
Found a leather armour.
You open the door.
There is an open door here.
You see here a quokka corpse.
You open the door.
A leopard gecko and a kobold come into view.
There are monsters nearby! 2 hobgoblins come into view.
There is an open door here.
The leopard gecko hisses angrily.
The kobold shouts!
The leopard gecko completely misses you.
You claw the leopard gecko!
You kill the leopard gecko!
You completely miss the kobold. You bite the kobold, but do no damage.
You barely miss the kobold. The kobold hits you with a +0 dagger!
Ouch! That really hurt!
You are too injured to fight recklessly!
The kobold hits you with a +0 dagger.
* * * LOW HITPOINT WARNING * * *
The hobgoblin is engulfed in seething chaos.
The kobold completely misses you. The hobgoblin misses you.
The hobgoblin is engulfed in seething chaos.
The kobold is engulfed in seething chaos.
The kobold seems to speed up.
The hobgoblin is engulfed in seething chaos.
The kobold is engulfed in seething chaos.
The hobgoblin is engulfed in seething chaos.
The hobgoblin flickers and vanishes for a moment.
The hobgoblin completely misses you. The kobold completely misses you.
The hobgoblin is engulfed in seething chaos.
The hobgoblin seems to slow down.
Xom thinks this is hilarious!
The hobgoblin is engulfed in seething chaos.
The hobgoblin seems to slow down.
The hobgoblin is engulfed in seething chaos.
The kobold hits you with a +0 dagger.
You die...

#.# #########.#######
.....##..§§.....#
.....##..§.§....#
.....##.§...§...#
.....##.§....g..#
.....##......g§.#######
.....##........§......#
......#........K@####.#
......###'######.#
†.....##..# #.#
..###.##..# #.# ..#
#.##..# #.# ..# #.##..#
#.# ..# #.....# #..
..######..# #.#
....####..#


You could see 2 hobgoblins and a kobold (fast).

Vanquished Creatures
  A dart slug (D:1)
  2 leopard geckos (D:1)
  A ball python (D:1)
  A giant cockroach (D:1)
  A goblin (D:1)
  4 jackals (D:1)
  A quokka (D:1)
  A bat (D:1)
  A rat (D:1)
13 creatures vanquished.

Notes
Turn   | Place    | Note
-------+----------+-------------------------------------------
     0 | D:1      | inc the Felid Chaos Knight began the quest for the Orb.
     0 | D:1      | Reached XP level 1. HP: 10/10 MP: 2/2
    72 | D:1      | XOM: smoke on damage
   150 | D:1      | XOM: silly message
   376 | D:1      | Reached XP level 2. HP: 14/14 MP: 3/3
   394 | D:1      | XOM: silly message
   667 | D:1      | XOM: cloud trail
   763 | D:1      | Slain by a kobold

Illustrated notes

Levels and vault maps discovered:
D:1:      minmay_arrival_semitransparent, layout_basic

Action                   || total
-------------------------++-------
Melee: Unarmed           ||    34
       Bite              ||     2
       Punch             ||     1
 Stab: Sleeping          ||     1
Armor: Skin              ||     3
Dodge: Dodged            ||    35

Table legend: (Time is in decaauts)
 A = Elapsed time spent in this place.
 B = Non-inter-level travel time spent in this place.
 C = Inter-level travel time spent in this place.
 D = Time resting spent in this place.
 E = Time spent auto-exploring this place.
 F = Levels seen in this place.
 G = Mean time per level.
                   A        B        C        D        E       F      G
               +--------+--------+--------+--------+--------+-----+--------+
         Total |    701 |    701 |      0 |      0 |    602 |   1 |  701.0 |
       Dungeon |    701 |    701 |      0 |      0 |    602 |   1 |  701.0 |
               +--------+--------+--------+--------+--------+-----+--------+

Top non-repeatable levels by time:
     D:1: 701 daAuts
